 Dungeon Crawl Stone Soup version 0.23.2-40-g277498a001 (webtiles) character file.

Game seed: 13866602484301019863

296 Descartes the Skirmisher (level 6, -3/51 HPs)
             Began as a Formicid Abyssal Knight on Sept 25, 2019.
             Was a Believer of Lugonu.
             Slain by a worker ant (5 damage)
             ... on level 4 of the Dungeon.
             The game lasted 00:08:04 (3529 turns).

Descartes the Skirmisher (Formicid Abyssal Knight)  Turns: 3529, Time: 00:08:05

Health: -3/51      AC: 10    Str: 18    XL:     6   Next: 62%
Magic:  7/7        EV:  7    Int: 12    God:    Lugonu [**....]
Gold:   193        SH:  0    Dex: 10    Spells: 5/5 levels left

rFire    x . .     SeeInvis +   a - +1 hand axe
rCold    + . .     Gourm    .   (no shield)
rNeg     . . .     Faith    .   f - +0 chain mail
rPois    .         Spirit   .   (helmet unavailable)
rElec    .         Reflect  .   (no cloak)
rCorr    .         Harm     .   d - +0 pair of gloves
MR       .....                  (no boots)
Stlth    ..........             (no amulet)
HPRegen  0.17/turn              i - +2 ring of slaying
MPRegen  0.10/turn              B - ring of ice

@: lethally poisoned (-3 -> -13)
A: permanent stasis, dig shafts and tunnels, four strong arms, antennae 3
a: Dig, Shaft Self, Depart the Abyss, Bend Space, Renounce Religion


You were on level 4 of the Dungeon.
You worshipped Lugonu.
Lugonu was pleased with you.
You were hungry.

You visited 1 branch of the dungeon, and saw 5 of its levels.
You visited the Abyss 1 time.

You collected 193 gold pieces.

Inventory:

Hand Weapons
 a - a +1 hand axe (weapon)
 r - a +1 mace of crushing
Missiles
 l - 105 stones (quivered)
 u - 5 javelins
Armour
 d - a +0 pair of gloves (worn)
 f - a +0 chain mail (worn)
Jewellery
 i - a +2 ring of slaying (left hand)
 B - a ring of ice (right hand)
Wands
 b - a wand of clouds (7)
 A - a wand of polymorph (8)
Scrolls
 h - a scroll of magic mapping {unknown}
 j - a scroll of blinking {unknown}
 m - 8 scrolls of identify {unknown}
 o - 4 scrolls of immolation {unknown}
 s - a scroll of enchant weapon {unknown}
 t - 2 scrolls of teleportation {unknown}
 v - a scroll of noise {unknown}
 w - a scroll of random uselessness {unknown}
 y - a scroll of fog {unknown}
Potions
 e - a potion of mutation {unknown}
 g - a potion of brilliance {unknown}
 k - 4 potions of curing {unknown}
 p - a potion of resistance {unknown}
 q - 2 potions of lignification {unknown}
 x - 2 potions of might {unknown}
 z - a potion of agility {unknown}
Comestibles
 c - 14 rations


   Skills:
 + Level 5.1 Fighting
 + Level 4.5 Axes
 + Level 3.6 Armour
 + Level 1.0 Dodging
 + Level 2.3 Invocations


You had 5 spell levels left.
You didn't know any spells.
Your spell library was empty.

Dungeon Overview and Level Annotations

Branches:
Dungeon (5/15)
 Temple: D:4-7

Altars:
Ashenzari
Elyvilon
Makhleb
Okawaru
Qazlal
Sif Muna
Wu Jian
Zin

Annotations:
D:5 Dowan


Innate Abilities, Weirdness & Mutations

You cannot be hasted, slowed, berserked, paralysed or teleported.
You can dig through walls and to a lower floor.
Your four strong arms can wield two-handed weapons with a shield.
You have a pair of large antennae on your head. (SInv)


Message History

You are lethally poisoned!
The worker ant poisons you! The worker ant barely misses you.
You hit the worker ant.
The worker ant is almost dead.
* * * LOW HITPOINT WARNING * * *
You feel sick. The worker ant closely misses you.
You closely miss the worker ant.
The worker ant is almost dead.
* * * LOW HITPOINT WARNING * * *
You feel sick.
The worker ant bites you but does no damage.
You hit the worker ant.
The worker ant is almost dead.
* * * LOW HITPOINT WARNING * * *
You feel sick. The worker ant barely misses you.
Your chain mail prevents you from hitting the worker ant.
The worker ant is almost dead.
* * * LOW HITPOINT WARNING * * *
You feel sick. The worker ant bites you.
You die...

.........##.# ####.#######......#
####.######.# #.............#####
#.# #.###.##.########÷##### #.#
#.............# #÷..... #.#
#####.##.####.###'##### #.#
#.##.####.##...## ##.#
#.......#.#.....## ##..#
###..##.#........##
##...###########@..##.#.........#
...............a<...............'
##...###########.............<..#
##.## ##<###)##.......##
###.##### ### #.###.....##
........# #.# ##...## ###.###.#
#.# ##+## # #.# #.# #######.# #.#
# #.# #.# #.......# #.#####


You could see a worker ant.

Vanquished Creatures
  A scorpion (D:3)
  A jelly (D:5)
  2 worker ants
  3 gnolls (D:3)
  4 adders
  An ooze (D:1)
  A worm (D:4)
  9 leopard geckos
  6 orcs
  A giant cockroach (D:3)
  7 goblins
  11 hobgoblins
  11 jackals
  4 kobolds
  A quokka (D:2)
  7 bats
  A frilled lizard (D:1)
  A quokka skeleton (D:4)
  4 rats
76 creatures vanquished.

Notes
Turn   | Place    | Note
-------+----------+-------------------------------------------
     0 | Abyss:1  | Descartes the Formicid Abyssal Knight began the quest for
                  | the Orb.
     0 | Abyss:1  | Reached XP level 1. HP: 18/18 MP: 2/2
    71 | Abyss:2  | Noticed a worldbinder
    99 | Abyss:2  | Noticed an apocalypse crab
   106 | D:1      | Escaped the Abyss
   204 | D:1      | Reached * piety under Lugonu
   204 | D:1      | Reached XP level 2. HP: 17/25 MP: 3/3
   409 | D:1      | Reached skill level 4 in Fighting
   409 | D:1      | Reached XP level 3. HP: 25/30 MP: 4/4
  1098 | D:2      | Reached XP level 4. HP: 28/38 MP: 5/5
  1325 | D:2      | Reached skill level 5 in Fighting
  1612 | D:2      | Reached ** piety under Lugonu
  1612 | D:2      | Reached XP level 5. HP: 38/44 MP: 6/6
  1830 | D:3      | Found an iron altar of Okawaru.
  1968 | D:3      | Found a stormy altar of Qazlal.
  1969 | D:3      | Noticed an air elemental
  2008 | D:3      | Noticed a water elemental
  2008 | D:3      | Noticed a fire elemental
  2174 | D:3      | Reached skill level 1 in Dodging
  2247 | D:3      | Reached XP level 6. HP: 42/51 MP: 7/7
  2272 | D:3      | Found a faded altar of an unknown god.
  2855 | D:4      | Found a burning altar of Makhleb.
  2867 | D:4      | Found a glowing silver altar of Zin.
  2867 | D:4      | Noticed a green death
  2867 | D:4      | Noticed an angel
  3059 | D:4      | Found a faded altar of an unknown god.
  3059 | D:4      | Found an ornate altar of the Wu Jian Council.
  3064 | D:4      | Found a faded altar of an unknown god.
  3084 | D:4      | Found a shattered altar of Ashenzari.
  3085 | D:4      | Found a deep blue altar of Sif Muna.
  3247 | D:4      | Found a white marble altar of Elyvilon.
  3386 | D:5      | Entered Level 5 of the Dungeon
  3503 | D:5      | Noticed Dowan
  3529 | D:4      | HP: 2/51 [poisoned by a worker ant]
  3529 | D:4      | Slain by a worker ant

Skill      XL: |  1  2  3  4  5  6 |
---------------+-------------------+-----
Fighting       | 4 5 |  5.1
Axes           | 3 4 |  4.5
Armour         | 3 |  3.6
Dodging        | 1 |  1.0
Invocations    | |  2.3

Action                   |  1- 3 |  4- 6 || total
-------------------------+-------+-------++-------
Melee: Hand axe          |    82 |   179 ||   261
Invok: Depart the Abyss  |     1 |       ||     1
  Eat: Chunk             |     1 |     7 ||     8
Armor: Scale mail        |    47 |     6 ||    53
       Chain mail        |       |   105 ||   105
Dodge: Dodged            |    44 |    69 ||   113
